 Dungeon Crawl Stone Soup version 0.29.1-4-g47bece8355 (webtiles) character file.

Game seed: 4937386020812262761

5086 tkbsonic5 the Grave Robber (level 10, -3/74 HPs)
             Began as a Mummy Necromancer on Dec 11, 2022.
             Was a Follower of Uskayaw.
             Slain by a hornet (12 damage)
             ... on level 8 of the Dungeon on Dec 12, 2022.
             The game lasted 01:16:46 (10014 turns).

tkbsonic5 the Grave Robber (Mummy Necromancer)     Turns: 10014, Time: 01:16:47

Health: -3/74      AC: 13    Str: 12    XL:     10   Next: 31%
Magic:  6/19       EV: 11    Int: 16    God:    Uskayaw [*.....]
Gold:   323        SH:  0    Dex: 15    Spells: 2/21 levels left

rFire   x . .      SeeInvis .   g - +5 short sword
rCold   + . .      Faith    .   (no shield)
rNeg    + + +      Spirit   .   f - +3 ring mail
rPois   ∞          Reflect  .   (no helmet)
rElec   .          Harm     .   y - +0 cloak
rCorr   .          Rampage  .   o - +2 pair of gloves
Will    ++...                   l - +0 pair of boots
Stlth   ++........              (no amulet)
HPRegen 0.22/turn               m - ring of willpower
MPRegen 0.16/turn               (no ring)

@: no status effects
A: cold resistance 1, negative energy resistance 3, torment resistance 2, heat
vulnerability 1, in touch with death 1, no potions
a: Renounce Religion, Stomp


You were on level 8 of the Dungeon.
You worshipped Uskayaw.
Uskayaw was noncommittal.
You visited 1 branch of the dungeon, and saw 9 of its levels.

You collected 461 gold pieces.
You spent 138 gold pieces at shops.

Inventory:

Hand Weapons
 g - a +5 short sword (weapon)
 i - a +0 short sword of electrocution
 j - a +0 sling
 k - a +0 dagger of venom
 r - a +0 whip
 t - a +2 whip of flaming
 v - a +3 scimitar
 x - a +2 dagger of electrocution
Armour
 a - a +0 robe
 d - the +9 plate armour of Huploxul {rPois Will+++ rCorr}
   (You found it on level 4 of the Dungeon)

   rPois:     It protects you from poison.
   rCorr:     It protects you from acid and corrosion.
   Will:      It greatly increases your willpower.
 e - a +0 leather armour
 f - a +3 ring mail (worn)
 h - a +0 tower shield
 l - a +0 pair of boots (worn)
 o - a +2 pair of gloves (worn)
 w - +0 steam dragon scales
 y - a +0 cloak (worn)
Magical Staves
 q - a staff of cold
 A - a staff of poison
Jewellery
 b - a ring of wizardry
 c - a +6 ring of dexterity
 m - a ring of willpower (left hand)
Wands
 s - a wand of roots (4)
Scrolls
 u - 2 scrolls of immolation


   Skills:
 * Level 5.1 Fighting
 + Level 3.0 Short Blades
 + Level 0.0(1.7) Long Blades
 + Level 0.2 Maces & Flails
 + Level 2.5 Ranged Weapons
 - Level 1.0 Throwing
 + Level 2.4 Armour
 + Level 3.1 Dodging
 + Level 2.5 Stealth
 + Level 1.9 Shields
 * Level 6.3 Spellcasting
 + Level 1.1 Summonings
 * Level 6.5 Necromancy
 + Level 2.3 Transmutations
 + Level 2.4 Ice Magic
 + Level 2.7 Air Magic
 + Level 3.0 Poison Magic
 * Level 3.8 Invocations
 + Level 3.3 Evocations


You had 2 spell levels left.
You knew the following spells:

 Your Spells              Type           Power      Damage    Failure   Level
a - Necrotise             Necr           100%       1d9       1%          1
b - Vampiric Draining     Necr           39%        2d8       6%          3
c - Poisonous Vapours     Pois/Air       28%        N/A       14%         2
d - Animate Dead          Necr           39%        N/A       21%         4
e - Sting                 Tmut/Pois      52%        1d5       10%         1
f - Agony                 Necr           39%        N/A       50%         5
g - Call Canine Familiar  Summ           8%         N/A       50%         3

Your spell library contained the following spells:

 Spells                   Type           Power      Damage    Failure   Level
 Freeze                   Ice            48%        1d7       11%         1
 Frozen Ramparts          Ice            24%        1d4       32%         3
 Olgreb's Toxic Radiance  Pois           14%        N/A       63%         4
 Portal Projectile        Hex/Tloc       10%        N/A       65%         3
 Hailstorm                Conj/Ice       8%         3d4       87%         4
 Leda's Liquefaction      Hex/Erth       2%         N/A       96%         4
 Dispersal                Tloc           2%         N/A       100%        6
 Disjunction              Tloc           2%         N/A       100%        8


Dungeon Overview and Level Annotations

Branches:
Dungeon (9/15)             Temple (0/1) D:7
   Lair: D:8-11         Orc: D:9-12

Altars:
Ashenzari
Cheibriados
Gozag
Hepliaklqana
Nemelex Xobeh
Okawaru
Sif Muna
Uskayaw
Wu Jian
Xom
Yredelemnul

Shops:
D:1 =   D:3 (:*=   D:6 *

Annotations:
D:6 1 runed translucent door, Crazy Yiuf


Innate Abilities, Weirdness & Mutations

You are immune to poison.
Your flesh is cold resistant. (rC+)
You are immune to negative energy. (rN+++)
You are immune to unholy pain and torment.
You are vulnerable to heat. (rF-)
You are in touch with the powers of death.
You do not drink.


Message History

The hornet attacks as you move away! The hornet barely misses you.
There is a stone staircase leading up here.
The hornet closely misses you. The shadow hits you!
* * * LOW HITPOINT WARNING * * *
The hornet closely misses you.
You climb upwards.
There is a stone staircase leading down here.
Aiming: Fastroot
Press: ? - help, Shift-Dir - straight line
Okay, then.
There is an open door here.
Aiming: Fastroot
Press: ? - help, Shift-Dir - straight line The roots erupt in riotous growth!
Roots grab the hornet.
The shadow is unaffected.
The grasping roots constrict the hornet.
The hornet barely misses you.
The shadow slips into darkness.
The shadow flickers and vanishes!
Deactivating autopickup; reactivate with Ctrl-A.
The hornet stings you!
* * * LOW HITPOINT WARNING * * *
You barely miss the hornet.
The hornet is lightly wounded.
The grasping roots constrict the hornet.
The shadow strikes at you from the darkness!
Reactivating autopickup.
The hornet closely misses you.
Casting: Call Canine Familiar (dangerous; 50% risk of failure)
Confirm with . or Enter, or press ? or * to list all spells.
Aiming: Vampiric Draining (dangerous; 6% risk of failure)
Press: ? - help, Shift-Dir - straight line, f - hornet
Aim: a hornet (lightly wounded, constricted by roots)
You feel a surge of power!
You draw life force from the hornet!
You feel life coursing into your body.
The grasping roots constrict the hornet.
The roots release their grip on the hornet.
The hornet stings you!
You die...

.##...###.#..#......÷.# #.#
.##.......#..#..##.#### #.#
.....#.......#..##.# #.#
.###.#.####..#..##.##########.#
.....#..........##.........##.#
.###########....##########.##.#
..............................##
..#....).......yW..............#
#.#.############@#########.##.##
+.#.#####..........#######.##.#
###.#...'..........'.....#.##.#
# #.#.###..........#####.#.##.#
#.#.# ###'####'#.#.###.#.##.# #
#.#.# #.# #.#.#!....#.##.# #
#.#.# #.# #.#.#[#####.##.#
###.#.# #.####.#.#<#####.##.#
..#.#.# #......#.........##.#


You could see a hornet and a shadow.

Vanquished Creatures
  Pikel (D:8)
  A hornet (D:8)
  2 wyverns
  2 steam dragons (D:8)
  A black bear (D:6)
  An orc warrior (D:7)
  3 ice beasts
  2 ogres (D:5)
  A sky beast (D:8)
  3 centaurs
  3 phantoms
  2 lemures (D:7)
  A kobold brigand (D:7)
  4 necrophages
  5 bullfrogs
  4 scorpions
  10 wights
  7 killer bees
  An electric eel (D:6)
  A centaur zombie (D:8)
  A jelly (D:4)
  2 gnoll boudas
  6 hounds
  3 orc priests
  An iguana (D:6)
  2 orc wizards
  2 gnolls (D:5)
  8 adders
  2 shadow imps (D:7)
  2 white imps
  3 ufetubi
  3 worms
  2 dart slugs (D:2)
  16 orcs
  6 ball pythons
  7 bats
  8 endoplasms
  3 giant cockroaches
  11 goblins
  8 hobgoblins
  4 jackals
  4 quokkas
  2 frilled lizards
  2 kobolds
  5 rats
168 creatures vanquished.

Vanquished Creatures (collateral kills)
  A bullfrog (D:8)
  A scorpion (D:7)
  2 killer bees (D:8)
  An orc wizard (D:7)
  2 gnolls (D:5)
  4 orcs
  An endoplasm (D:1)
  A giant cockroach (D:2)
  A kobold (D:3)
14 creatures vanquished.

Vanquished Creatures (others)
  3 killer bees (D:5)
  A howler monkey (D:5)
  2 orc wizards (D:7)
  11 plants
17 creatures vanquished.

Grand Total: 199 creatures vanquished

Notes
Turn   | Place    | Note
-------+----------+-------------------------------------------
     0 | D:1      | tkbsonic5 the Mummy Necromancer began the quest for the
                  | Orb.
     0 | D:1      | Reached XP level 1. HP: 13/13 MP: 4/4
   115 | D:1      | Found a faded altar of an unknown god.
   144 | D:1      | Prayed at the altar of an unknown god.
   144 | D:1      | Became a worshipper of Uskayaw the Reveller
   144 | D:1      | Reached * piety under Uskayaw
   251 | D:1      | Reached XP level 2. HP: 20/20 MP: 4/6
   292 | D:1      | Reached ** piety under Uskayaw
   438 | D:1      | Reached skill level 1 in Fighting
   545 | D:1      | Found Huylopn's Jewellery Boutique.
  1093 | D:2      | Gained mutation: You are in touch with the powers of death.
                  | [Mummy growth]
  1093 | D:2      | Reached XP level 3. HP: 26/26 MP: 3/7
  1163 | D:2      | Learned a level 3 spell: Vampiric Draining
  1601 | D:2      | Reached XP level 4. HP: 31/33 MP: 6/9
  1603 | D:2      | Reached *** piety under Uskayaw
  1680 | D:2      | Learned a level 2 spell: Poisonous Vapours
  2075 | D:3      | Found Qacrari's General Store.
  2086 | D:3      | Bought a scroll of blinking for 75 gold pieces
  2116 | D:3      | Found Biruodann's Jewellery Shoppe.
  2152 | D:3      | Reached XP level 5. HP: 16/38 MP: 2/11
  2344 | D:3      | Found Ukkoil's Book Boutique.
  2448 | D:3      | Found Ugheos's Weapon Emporium.
  2564 | D:3      | Found an ornate altar of the Wu Jian Council.
  2834 | D:4      | Reached skill level 5 in Necromancy
  2914 | D:4      | Learned a level 4 spell: Animate Dead
  2916 | D:4      | Learned a level 1 spell: Sting
  3001 | D:4      | Reached skill level 1 in Air Magic
  3001 | D:4      | Reached skill level 1 in Invocations
  3161 | D:4      | Found a hazy altar of Hepliaklqana.
  3309 | D:4      | Reached XP level 6. HP: 46/46 MP: 9/12
  3618 | D:4      | Identified the +9 plate armour of Huploxul {rPois Will+++
                  | rCorr}
  3832 | D:5      | Entered Level 5 of the Dungeon
  3856 | D:5      | Reached skill level 1 in Poison Magic
  3856 | D:5      | Reached skill level 1 in Evocations
  4069 | D:5      | Reached XP level 7. HP: 35/51 MP: 6/14
  4113 | D:5      | Reached skill level 1 in Short Blades
  4113 | D:5      | Reached skill level 1 in Armour
  4419 | D:5      | Reached skill level 1 in Throwing
  4421 | D:5      | Reached skill level 1 in Transmutations
  4868 | D:5      | Reached XP level 8. HP: 58/58 MP: 15/15
  4893 | D:5      | Reached skill level 1 in Ice Magic
  4910 | D:5      | Reached skill level 5 in Spellcasting
  4912 | D:5      | Reached **** piety under Uskayaw
  4917 | D:5      | Reached skill level 1 in Ranged Weapons
  5420 | D:6      | Found Plog's Mass Market.
  5426 | D:6      | Bought a +0 tower shield for 63 gold pieces
  5440 | D:6      | Found a runed translucent door.
  5441 | D:6      | Noticed Crazy Yiuf
  6258 | D:7      | Found a snail-covered altar of Cheibriados.
  6268 | D:7      | Reached XP level 9. HP: 63/65 MP: 16/16
  6277 | D:7      | Found an iron altar of Okawaru.
  6277 | D:7      | Found a broken altar of Ashenzari.
  6277 | D:7      | Found a shimmering blue altar of Sif Muna.
  6283 | D:7      | Found a basalt altar of Yredelemnul.
  6366 | D:7      | Found an opulent altar of Gozag.
  6484 | D:7      | Learned a level 4 spell: Olgreb's Toxic Radiance
  6530 | D:7      | Found a sparkling altar of Nemelex Xobeh.
  6809 | D:7      | Found a hide-covered altar of Uskayaw.
  6903 | D:7      | Reached skill level 1 in Shields
  7100 | D:7      | Found a shimmering altar of Xom.
  7126 | D:7      | Found a staircase to the Ecumenical Temple.
  7694 | D:8      | Learned a level 5 spell: Agony
  7698 | D:8      | Learned a level 3 spell: Call Canine Familiar
  8499 | D:8      | Reached XP level 10. HP: 73/73 MP: 19/19
  8687 | D:8      | Noticed Pikel
  8692 | D:8      | Killed Pikel
  9194 | D:8      | Reached skill level 5 in Fighting
  9967 | D:9      | Reached skill level 1 in Summonings
 10012 | D:8      | HP: 3/74 [hornet (12)]
 10014 | D:8      | Slain by a hornet

Illustrated notes

Levels and vault maps discovered:
D:1:      sevenhm_arrival_forest_fort_small_4, layout_basic, serial_shops, shop,
          hellmonk_ecumenical_altar_zigzags, minmay_misc_feat_pillars
D:2:      layout_rooms, minivault_24, kennysheep_generic_room_7
D:3:      layout_basic, mainiacjoe_overflow_boulevard, serial_shops,
          nicolae_square_shop, nicolae_shop_waterfront, shop,
          nicolae_square_shop
D:4:      layout_gridville, nicolae_overflow_crystal_walls
D:5:      layout_loops_cross, chequers_serial_rivers_marsh, st_stairs_4,
          lemuel_flame_loot_1
D:6:      layout_gridville, minivault_26, st_stairs_10, serial_bayou_ford_a,
          minmay_shop_mass, uniq_crazy_yiuf_cottage
D:7:      minmay_octagon_keep, layout_basic,
          mainiacjoe_overflow_small_starburst,
          mainiacjoe_overflow_catwalk_spiral, nicolae_gozag_seed_capital,
          grunt_temple_overflow_open, temple_doors_ab
D:8:      layout_basic, uniq_pikel
D:9:      layout_grid_maze, hiddenorc2_lemuel, serial_shops, shop,
          minmay_circle_x, uniq_maggie

Skill      XL: |  1  2  3  4  5  6  7  8  9 10 |
---------------+-------------------------------+-----
Spellcasting   | 3 4 5 6 |  6.3
Fighting       | 1 2 3 4 5 |  5.1
Necromancy     | 5 6 |  6.5
Air Magic      | 1 2 |  2.7
Invocations    | 1 2 3 |  3.8
Poison Magic   | 1 2 3 |  3.0
Evocations     | 1 2 3 |  3.3
Short Blades   | 1 2 3 |  3.0
Armour         | 1 2 |  2.4
Dodging        | 2 3 |  3.1
Throwing       | 1 |  1.0
Transmutations | 1 2 |  2.3
Ice Magic      | 1 2 |  2.4
Ranged Weapons | 1 2 |  2.5
Shields        | 1 |  1.9
Stealth        | 2 |  2.5
Summonings     | 1 |  1.1
Maces & Flails | |  0.2

Action                   |  1- 3 |  4- 6 |  7- 9 | 10-12 || total
-------------------------+-------+-------+-------+-------++-------
Melee: Mace              |    16 |       |       |       ||    16
       Punch             |     2 |       |     2 |     1 ||     5
       Dagger            |    10 |    71 |   247 |    14 ||   342
       Short sword       |       |       |    45 |    40 ||    85
       Staff             |       |       |     6 |       ||     6
       Whip              |       |       |       |    15 ||    15
 Fire: Sling             |     8 |    28 |    10 |     5 ||    51
Throw: Dart              |       |    10 |    18 |       ||    28
       Boomerang         |       |     9 |    20 |       ||    29
 Cast: Necrotise         |    46 |    40 |       |       ||    86
       Vampiric Draining |       |     2 |     1 |     3 ||     6
       Animate Dead      |       |     1 |     2 |       ||     3
       Poisonous Vapours |       |     4 |    15 |       ||    19
Invok: Stomp             |       |     3 |    11 |     1 ||    15
       Line Pass         |       |     1 |       |       ||     1
Evoke: Wand              |       |    17 |    28 |    15 ||    60
  Use: Scroll            |     3 |     3 |    11 |     1 ||    18
 Stab: Paralysed         |       |       |     2 |       ||     2
Armor: Robe              |     1 |       |    11 |       ||    12
       Ring mail         |    20 |     9 |    28 |     7 ||    64
       Leather armour    |       |     6 |       |       ||     6
       Plate armour      |       |    32 |   220 |    57 ||   309
Dodge: Dodged            |    16 |    28 |    64 |    28 ||   136
Block: Tower shield      |       |       |   101 |       ||   101
